 Dungeon Crawl Stone Soup version 0.21-a0-480-g5da0f0d (webtiles) character file.

270 COBRA the Chopper (level 6, 0/51 HPs)
             Began as a Ghoul Fighter on Nov 22, 2017.
             Slain by an orc warrior
             ... wielding a +0 short sword
              (5 damage)
             ... on level 6 of the Dungeon.
             The game lasted 00:03:51 (721 turns).

COBRA the Chopper (Ghoul Fighter)                    Turns: 721, Time: 00:03:52

Health: 0/51       AC:  6    Str: 24 (25) XL:     6   Next: 22%
Magic:  3/5        EV:  5    Int:  9      God:
Gold:   46         SH: 14    Dex:  7 (8)  Spells: 5/5 levels left

rFire    + . .     SeeInvis .   a - +0 war axe
rCold    + . .     Gourm    .   k - +1 large shield {rF+}
rNeg     + + +     Faith    .   b - +0 scale mail
rPois    ∞         Spirit   .   (no helmet)
rElec    .         Reflect  .   (no cloak)
rCorr    .         Harm     .   (no gloves)
MR       .....                  (no boots)
Stlth    ..........             (no amulet)
HPRegen  0.00/turn              e - +4 ring of intelligence
MPRegen  0.09/turn              (no ring)

@: mighty, rotting
A: rotting body, claws 1, carnivore 3, cold resistance 1, negative energy
resistance 3, inhibited regeneration, torment resistance, unbreathing
a: no special abilities


You were on level 6 of the Dungeon.
You were not hungry.

You visited 1 branch of the dungeon, and saw 6 of its levels.

You collected 46 gold pieces.

Inventory:

Hand Weapons
 a - a +0 war axe (weapon)
Armour
 b - a +0 scale mail (worn)
 c - a +0 shield
 k - a +1 large shield of fire resistance (worn)
Jewellery
 e - a +4 ring of intelligence (left claw)
Wands
 l - a wand of polymorph (8)
Scrolls
 g - a scroll of remove curse
 h - a scroll of fear
 m - 2 scrolls of blinking {unknown}
 n - a scroll of silence {unknown}
Potions
 d - a potion of might
Books
 p - a book of Conjurations

   Spells                             Type                      Level
   a - Magic Dart                     Conjuration                  1
   b - Searing Ray                    Conjuration                  2
   c - Dazzling Spray                 Conjuration/Hexes            3
   d - Fulminant Prism                Conjuration/Hexes            4
   e - Force Lance                    Conjuration/Translocation    4
   f - Iskenderun's Mystic Blast      Conjuration                  4
Comestibles
 f - a meat ration
 j - a royal jelly


   Skills:
 - Level 3.2 Fighting
 * Level 5.8 Axes
 - Level 2.6 Armour
 - Level 2.6 Shields


You had 5 spell levels left.
You didn't know any spells.

Dungeon Overview and Level Annotations

Branches:
Dungeon (6/15)
 Temple: D:4-7

Altars:
The Shining One


Innate Abilities, Weirdness & Mutations

Your body is rotting away.
You thrive on raw meat.
You are immune to poison.
You have sharp fingernails.
You are carnivorous and can eat meat at any time.
Your flesh is cold resistant. (rC+)
You are immune to negative energy. (rN+++)
You do not regenerate when monsters are visible.
You are immune to unholy pain and torment.
You can survive without breathing.


Message History

You eat the chunk of flesh.
This raw flesh tastes great!
The orc wizard casts a spell.
The orc wizard blinks!
The orc warrior hits you with a short sword!!
* * * LOW HITPOINT WARNING * * *
It was a potion of mutation.
You feel extremely strange.
Your body decomposes!
You feel weakened.
Your body decomposes!
You feel clumsy.
The orc warrior hits you but does no damage.
You slash the orc warrior!
The orc warrior is almost dead.
You block the orc warrior's attack.
You barely miss the orc warrior.
The orc warrior is almost dead.
The orc warrior hits you with a short sword!
* * * LOW HITPOINT WARNING * * *
The orc warrior hits you with a short sword.
You die...

############
#.oo@......######
#o#######...#...#####
#.# #..............
#o# #.#.........## #.#
#.##.........# .o. #
#.........# .o.
...............##
....#####.............
.#.## #....#......###


You could see an orc warrior, an orc wizard and an orc.

Vanquished Creatures
  An ice beast (D:6)
  An eye of draining (D:6)
  An orc wizard (D:6)
  A worker ant (D:5)
  2 adders
  3 worms (D:2)
  An orc (D:4)
  A ball python (D:2)
  3 giant cockroaches
  4 goblins
  3 hobgoblins
  A kobold (D:3)
  2 bats
  2 frilled lizards (D:3)
  A rat (D:3)
27 creatures vanquished.

Notes
Turn   | Place    | Note
-------+----------+-------------------------------------------
     0 | D:1      | COBRA the Ghoul Fighter began the quest for the Orb.
     0 | D:1      | Reached XP level 1. HP: 19/19 MP: 0/0
    31 | D:1      | Reached skill level 2 in Axes
    85 | D:1      | Found a glowing golden altar of the Shining One.
   111 | D:2      | Reached XP level 2. HP: 20/26 MP: 1/1
   268 | D:2      | Reached skill level 3 in Axes
   268 | D:2      | Reached XP level 3. HP: 17/31 MP: 2/2
   593 | D:5      | Entered Level 5 of the Dungeon
   608 | D:5      | Reached skill level 4 in Axes
   608 | D:5      | Reached XP level 4. HP: 28/37 MP: 3/3
   672 | D:6      | Noticed an ice beast
   674 | D:6      | Noticed an eye of draining
   681 | D:6      | Killed an ice beast
   681 | D:6      | Reached skill level 5 in Axes
   681 | D:6      | Reached XP level 5. HP: 44/44 MP: 0/4
   687 | D:6      | Killed an eye of draining
   687 | D:6      | Reached XP level 6. HP: 50/50 MP: 0/5
   700 | D:6      | Noticed an orc warrior
   721 | D:6      | Slain by an orc warrior

Vault maps used:
D:1:      minmay_arrival_stair_chambers, tso_metal_star
D:2:      lemuel_round_altar, uniq_natasha, uniq_terence
D:3:      overflow_temple_1_default
D:4:      chequers_temple_overflow_statue_of_worship, first_bread
D:5:      nicolae_overflow_hidden_temple
D:6:      minitemple, temple_statues, serial_shops, kennysheep_little_box

Skill      XL: |  1  2  3  4 |
---------------+-------------+-----
Axes           | 2 3 4 5 |  5.8
Fighting       | |  3.2
Armour         | |  2.6
Shields        | |  2.6

Action                   |  1- 3 |  4- 6 || total
-------------------------+-------+-------++-------
Melee: War axe           |   120 |    21 ||   141
  Use: Scroll            |     5 |     1 ||     6
       Potion            |       |     2 ||     2
  Eat: Chunk             |    10 |     6 ||    16
Armor: Scale mail        |    60 |     4 ||    64
Dodge: Dodged            |    35 |     1 ||    36
Block: Shield            |    46 |       ||    46
       Large shield      |    13 |    12 ||    25

Table legend:
 A = Spawn XP
 B = Non-spawn XP
 C = Spawn XP percentage of total XP
 D = Spawn monster count
 E = Non-spawn monster count
 F = Spawn count percentage of total count
 G = Total turns spent on level
                    A         B        C        D         E        F      G
               +---------+---------+-------+---------+---------+-------+---------
         Total |       0 |     386 |   0.0 |       0 |      27 |   0.0 |   721
               +---------+---------+-------+---------+---------+-------+---------
           D:1 |       0 |       5 |   0.0 |       0 |       3 |   0.0 |    96
           D:2 |       0 |      42 |   0.0 |       0 |      11 |   0.0 |   226
           D:3 |       0 |      22 |   0.0 |       0 |       7 |   0.0 |   137
           D:4 |       0 |       3 |   0.0 |       0 |       1 |   0.0 |   134
           D:5 |       0 |      34 |   0.0 |       0 |       1 |   0.0 |    64
           D:6 |       0 |     280 |   0.0 |       0 |       4 |   0.0 |    64
               +---------+---------+-------+---------+---------+-------+---------
